 Dungeon Crawl Stone Soup version 0.31-a0-204-g7da18cac08 (webtiles) character file.

Game seed: 3690452419573566520

394 mobinator the Cleaver (level 6, -4/51 HPs)
             Began as a Hill Orc Monk on June 27, 2023.
             Was a Believer of Okawaru.
             Slain by an iguana (12 damage)
             ... on level 4 of the Dungeon.
             The game lasted 00:11:49 (3245 turns).

mobinator the Cleaver (Hill Orc Monk)               Turns: 3245, Time: 00:11:50

Health: -4/51      AC:  7    Str: 16    XL:     6   Next: 81%
Magic:  6/6        EV: 10    Int: 10    God:    Okawaru [**....]
Gold:   84         SH:  0    Dex: 13    Spells: 5/5 levels left

rFire   . . .        a - +0 hand axe
rCold   . . .        d - orb {light}
rNeg    . . .        k - +0 scale mail
rPois   .            (no helmet)
rElec   .            (no cloak)
rCorr   .            s - +0 pair of gloves
SInv    .            (no boots)
Will    .....        (no amulet) Stlth
                     (no ring)
HPRegen 0.28/turn    (no ring)
MPRegen 0.10/turn

%: no passive effects
@: glowing
A: no striking features
a: Renounce Religion, Heroism


You were on level 4 of the Dungeon.
You worshipped Okawaru.
Okawaru was pleased with you.
You visited 1 branch of the dungeon, and saw 4 of its levels.

You collected 84 gold pieces.

Inventory:

Hand Weapons
 a - a +0 hand axe (weapon)
 q - a +0 executioner's axe
Armour
 b - a +0 robe
 d - an orb of light (worn)
 k - a +0 scale mail (worn)
 s - a +0 pair of gloves (worn)
Jewellery
 e - a ring of wizardry
Scrolls
 f - a scroll of amnesia {unknown}
 i - 2 scrolls of identify
 j - 2 scrolls of immolation {unknown}
 l - 3 scrolls of brand weapon
 m - a scroll of noise {unknown}
 o - a scroll of fear {unknown}
 p - a scroll of blinking {unknown}
 u - a scroll of silence {unknown}
Potions
 g - a potion of curing
 h - a potion of mutation {unknown}
 n - a potion of magic {unknown}
 r - a potion of heal wounds {unknown}
 t - a potion of lignification {unknown}


   Skills:
 - Level 3.6 Fighting
 * Level 9.8 Axes
 - Level 2.4 Dodging


You had 5 spell levels left.
You didn't know any spells.
Your spell library contained the following spells:

 Spells                   Type           Power      Damage    Failure   Level
 Ensorcelled Hibernation  Hex/Ice        0%         N/A       91%         2
 Passwall                 Tmut/Erth      0%         N/A       91%         2
 Swiftness                Air            0%         N/A       99%         3
 Orb of Destruction       Conj           0%         9d5       100%        7
 Summon Guardian Golem    Hex/Summ       Unusable   N/A       N/A         3
 Spellforged Servitor     Conj/Summ      Unusable   N/A       N/A         7

Dungeon Overview and Level Annotations

Branches:
Dungeon (4/15)
 Temple: D:4-7

Altars:
Gozag
Okawaru
Sif Muna

Shops:
D:1 **(([   D:3 :


Message History

The centaur barely misses you. The centaur closely misses you.
The iguana hisses angrily.
You hit the centaur.
The centaur is severely wounded.
The centaur hits you but does no damage.
The centaur kicks you.
You hit the centaur.
The centaur is severely wounded.
The centaur hits you.
The centaur kicks you but does no damage.
You hit the centaur but do no damage.
The centaur is severely wounded.
You hit the iguana. The centaur hits you. The centaur barely misses you.
The iguana barely misses you.
You barely miss the iguana.
The iguana is moderately wounded.
You hit the centaur but do no damage. The centaur hits you.
The centaur kicks you. The centaur hits you.
* * * LOW HITPOINT WARNING * * *
The centaur kicks you but does no damage.
You hit the iguana.
The iguana is heavily wounded.
You hit the centaur but do no damage. The centaur closely misses you.
The centaur kicks you but does no damage.
The iguana bites you.
* * * LOW HITPOINT WARNING * * *
It was a potion of curing.
You feel better.
The centaur hits you but does no damage.
The centaur kicks you but does no damage.
The iguana bites you!
* * * LOW HITPOINT WARNING * * *
The centaur hits you.
* * * LOW HITPOINT WARNING * * *
The centaur kicks you but does no damage.
You hit the centaur.
The centaur is almost dead.
You hit the iguana. The centaur barely misses you.
The centaur kicks you but does no damage.
The iguana bites you!
You die...

. .. ##### ..
#...#### .#
#.#....# ##.#
#.####.####...###
#..# #...@l.....#
##.# #####c$###.#
#.#### ......
#....# ..######
####.##########
#.# #.....# #.#
#.....# #.##
#.....# #..#
#.....#########


You could see a centaur and an iguana.

Vanquished Creatures
  A black bear (D:4)
  A gnoll bouda (D:4)
  A hound (D:4)
  Natasha (thrice) (D:3)
  2 adders
  5 gnolls (D:4)
  4 worms
  2 dart slugs (D:1)
  3 orcs
  10 ball pythons
  3 bats
  4 endoplasms
  3 giant cockroaches
  6 goblins
  11 hobgoblins
  4 jackals (D:2)
  9 kobolds
  5 quokkas
  4 frilled lizards
  5 rats
86 creatures vanquished.

Notes
Turn   | Place    | Note
-------+----------+-------------------------------------------
     0 | D:1      | mobinator the Hill Orc Monk began the quest for the Orb.
     0 | D:1      | Reached XP level 1. HP: 19/19 MP: 1/1
    96 | D:1      | Found Wulauj Tenni's Weapon Shoppe.
   118 | D:1      | Reached XP level 2. HP: 19/26 MP: 2/2
   209 | D:1      | Found Zinub's Antique Weapon Shop.
   241 | D:1      | Found Fuidyd's Assorted Antiques.
   256 | D:1      | Found Socydaur's Antique Armour Emporium.
   375 | D:1      | Reached skill level 5 in Axes
   548 | D:1      | Found Ymiel's General Store.
   569 | D:1      | Reached XP level 3. HP: 29/31 MP: 3/3
  1375 | D:2      | Reached skill level 6 in Axes
  1572 | D:2      | Reached XP level 4. HP: 39/39 MP: 4/4
  2091 | D:3      | Found a shimmering blue altar of Sif Muna.
  2123 | D:3      | Found Vaw Ogal's Book Shoppe.
  2145 | D:3      | Noticed Natasha
  2157 | D:3      | Killed Natasha
  2158 | D:3      | Reached skill level 7 in Axes
  2232 | D:3      | Reached XP level 5. HP: 35/45 MP: 5/5
  2306 | D:3      | Noticed Natasha
  2307 | D:3      | Found an iron altar of Okawaru.
  2315 | D:3      | Killed Natasha
  2411 | D:3      | Noticed Natasha
  2417 | D:3      | Killed Natasha
  2418 | D:3      | Reached skill level 8 in Axes
  2602 | D:4      | Noticed a black bear
  2616 | D:4      | Killed a black bear
  2617 | D:4      | Reached skill level 9 in Axes
  2617 | D:4      | Reached XP level 6. HP: 32/51 MP: 6/6
  2941 | D:3      | Became a worshipper of Warmaster Okawaru
  2941 | D:3      | Reached * piety under Okawaru
  2941 | D:3      | Reached ** piety under Okawaru
  2989 | D:4      | Found an opulent altar of Gozag.
  3245 | D:4      | Slain by an iguana

Illustrated notes

Levels and vault maps discovered:
D:1:      lightli_molten_gateway, layout_basic, serial_shops,
          nicolae_shop_advertising_works [nicolae_subvault_shop_adworks],
          nicolae_shop_pleasant_corner_grove, shop, shop, shop,
          minmay_pentomino_x2
D:2:      minmay_recursive_quarters, layout_loops_ring, item_on_display_a
D:3:      layout_loops_ring, overflow_temple_1_default,
          okawaru_altar_gauntlet_db, serial_shops, shop, uniq_natasha
D:4:      layout_rooms, mainiacjoe_overflow_surrounded_room, kennysheep_diamond,
          dreamdust_gnoll_farm

Skill      XL: |  1  2  3  4  5 |
---------------+----------------+-----
Axes           | 5 6 7 9 |  9.8
Fighting       | |  3.6
Dodging        | |  2.4

Action                     |  1- 3 |  4- 6 || total
---------------------------+-------+-------++-------
  Melee: Hand axe          |   115 |   158 ||   273
 Invoke: Heroism           |       |     1 ||     1
    Use: Potion            |       |     2 ||     2
         Scroll            |       |     1 ||     1
 Armour: Robe              |     9 |       ||     9
         Scale mail        |    22 |    67 ||    89
  Dodge: Dodged            |    59 |   100 ||   159

Table legend: (Time is in decaauts)
 A = Elapsed time spent in this place.
 B = Non-inter-level travel time spent in this place.
 C = Inter-level travel time spent in this place.
 D = Time resting spent in this place.
 E = Time spent auto-exploring this place.
 F = Levels seen in this place.
 G = Mean time per level.
                   A        B        C        D        E       F      G
               +--------+--------+--------+--------+--------+-----+--------+
         Total |   3235 |   3068 |    167 |    321 |   2009 |   4 |  808.8 |
       Dungeon |   3235 |   3068 |    167 |    321 |   2009 |   4 |  808.8 |
               +--------+--------+--------+--------+--------+-----+--------+

Top non-repeatable levels by time:
     D:3: 984 daAuts
     D:1: 949 daAuts
     D:2: 872 daAuts
     D:4: 428 daAuts
